Map: Backwater LE

Players

Has

  • Race: Protoss Protoss
  • Spawn Location: 11:00

ShoWTimE - Winner!

  • Race: Protoss Protoss
  • Spawn Location: 5:00

Event: WESG 2017 Haikou

VOD

Have the link to the VOD?

Description

Time

  • Played on: March 13, 2018, 5:39 a.m.
  • Length: 8:02

All games in this series

Show
View Real Time Build Order
Export as new Build Order

Has Protoss 

Build Orders: Oracle Opening 

Get SALT Encoding   

  12  0:00  Probe  
  13  0:12  Probe  
  14  0:17  Pylon  
  14  0:25  Probe (Chrono Boost)  
  16  0:37  Probe (Chrono Boost), Gateway  
  16  0:42  Probe (Chrono Boost)  
  16  0:47  Assimilator  
  17  0:51  Probe  
  17  0:56  Assimilator  
  18  1:03  Probe  
  19  1:09  Gateway  
  19  1:15  Probe  
  20  1:24  Pylon  
  20  1:30  Cybernetics Core  
  20  1:33  Probe  
  21  1:41  Pylon  
  21  1:45  Probe  
  22  1:57  Probe  
  23  2:07  Adept x2, Warp Gate (Chrono Boost)  
  27  2:17  Pylon  
  27  2:25  Pylon  
  27  2:37  Stargate  
  28  2:40  Stalker  
  28  2:42  Stalker  
  31  2:47  Probe  
  32  2:59  Probe  
  34  3:18  Nexus  
  33  3:24  Oracle (Chrono Boost)  
  34  3:34  Shield Battery  
  35  3:48  Robotics Facility  
  34  3:53  Oracle (Chrono Boost)  
  34  4:00  Probe  
  36  4:08  Sentry  
  38  4:12  Probe  
  38  4:14  Pylon  
  39  4:21  Shield Battery  
  39  4:24  Probe  
  39  4:30  Shield Battery  
  39  4:31  Probe  
  41  4:35  Observer (Chrono Boost)  
  41  4:36  Sentry  
  42  4:44  Stalker  
  38  4:53  Probe x2  
  40  5:08  Immortal (Chrono Boost)  
  40  5:12  Probe x2 (Chrono Boost)  
  46  5:27  Observer  
  48  5:30  Gateway  
  48  5:31  Gateway  
  46  5:39  Immortal (Chrono Boost)  
  50  5:55  Void Ray  
  54  6:05  Pylon  
  56  6:14  Warp Prism (Chrono Boost)  
  56  6:27  Adept x2  
  56  6:30  Pylon  
  60  6:38  Adept x2  
  64  6:50  Adept x2  
  68  7:13  Adept x3  
  68  7:14  Adept  
  60  7:34  Adept x4  
  56  7:41  Probe  
  56  7:42  Probe  
Show
View Real Time Build Order
Export as new Build Order

ShoWTimE Protoss - Winner!

Build Orders: Phoenix Opening, Zealot Archon, Dark Templar Rush 

Get SALT Encoding   

  12  0:00  Probe  
  13  0:12  Probe  
  14  0:17  Pylon  
  14  0:24  Probe (Chrono Boost)  
  15  0:36  Probe (Chrono Boost)  
  15  0:38  Gateway  
  16  0:45  Probe (Chrono Boost)  
  16  0:47  Assimilator  
  17  0:51  Probe  
  17  0:55  Assimilator  
  18  1:03  Probe (Chrono Boost)  
  19  1:13  Probe (Chrono Boost)  
  19  1:15  Gateway  
  19  1:17  Probe (Chrono Boost)  
  21  1:26  Cybernetics Core  
  21  1:30  Probe  
  22  1:38  Pylon  
  22  1:42  Probe  
  23  1:57  Probe  
  24  2:02  Stalker, Sentry  
  24  2:03  Warp Gate  
  28  2:16  Pylon  
  28  2:21  Twilight Council  
  28  2:28  Stalker  
  30  2:53  Nexus  
  30  3:02  Dark Shrine  
  30  3:08  Shield Battery  
  30  3:17  Stalker  
  30  3:18  Phoenix  
  33  3:20  Probe  
  33  3:32  Probe, Shield Battery  
  34  3:35  Shield Battery  
  34  3:44  Probe  
  34  3:47  Robotics Facility  
  35  3:56  Probe, Pylon  
  37  4:10  Probe (Chrono Boost)  
  37  4:12  Probe (Chrono Boost)  
  37  4:14  Dark Templar  
  40  4:19  Dark Templar  
  40  4:20  Probe (Chrono Boost)  
  40  4:23  Probe (Chrono Boost)  
  44  4:25  Probe (Chrono Boost)  
  45  4:32  Probe  
  45  4:34  Observer (Chrono Boost)  
  45  4:36  Probe  
  48  4:44  Probe  
  49  4:47  Stalker  
  49  4:48  Probe  
  47  4:56  Probe  
  48  5:01  Probe  
  47  5:08  Stalker  
  47  5:09  Probe (Chrono Boost)  
  47  5:13  Probe (Chrono Boost)  
  47  5:19  Phoenix  
  47  5:21  Probe (Chrono Boost)  
  48  5:23  Probe (Chrono Boost)  
  48  5:25  Archon  
  48  5:26  Probe (Chrono Boost)  
  48  5:27  Pylon  
  48  5:28  Probe (Chrono Boost)  
  50  5:35  Stalker, Probe (Chrono Boost)  
  52  5:39  Probe (Chrono Boost)  
  55  5:47  Probe (Chrono Boost)  
  55  5:48  Forge  
  57  5:50  Probe (Chrono Boost)  
  57  5:51  Stalker  
  57  5:53  Probe (Chrono Boost)  
  57  5:55  Probe (Chrono Boost)  
  61  6:01  Probe, Charge  
  62  6:05  Pylon  
  62  6:08  Immortal (Chrono Boost)  
  66  6:15  Shield Battery  
  66  6:22  Zealot x2  
  70  6:26  Gateway  
  70  6:29  Shield Battery  
  70  6:37  Pylon  
  70  6:38  Immortal (Chrono Boost)  
  74  6:40  Observer  
  74  6:43  Zealot  
  76  6:51  Gateway  
  76  6:53  Pylon  
  76  6:58  Photon Cannon  
  76  6:59  Zealot  
  78  7:04  Stalker  
  80  7:10  Pylon  
  80  7:13  Shield Battery  
  80  7:18  Immortal  
  84  7:23  Stalker  
  84  7:26  Stalker  
  70  7:37  Stalker  
  70  7:46  Stalker  
  70  7:48  Probe  
  70  7:49  Probe  
Tags
 
Add a new tag
Caveats
  • Supply blocks, unpowered buildings, or Contaminate may cause inaccurate times.
  • Supply counts are checked every 10 seconds.